 Dungeon Crawl Stone Soup version 0.21.1-1-g345015f (webtiles) character file.

1019 cultivahabas the Cudgeler (level 8, 0/80 HPs)
             Began as a Troll Chaos Knight on May 1, 2018.
             Shot with an arrow by a centaur (4 damage)
             ... on level 5 of the Dungeon.
             The game lasted 00:15:56 (3898 turns).

cultivahabas the Cudgeler (Troll Chaos Knight)      Turns: 3898, Time: 00:15:57

Health: 0/80       AC:  7    Str: 21    XL:     8   Next: 2%
Magic:  7/7        EV: 10    Int: 10    God:    Xom [..*...]
Gold:   190        SH:  0    Dex:  9    Spells: 7/7 levels left

rFire    . . .     SeeInvis .   a - +0 mace (chaos)
rCold    . . .     Gourm    +   (no shield)
rNeg     . . .     Faith    .   b - +2 robe
rPois    .         Spirit   .   (helmet restricted)
rElec    .         Reflect  .   (no cloak)
rCorr    .         Harm     .   (gloves unavailable)
MR       .....                  (boots unavailable)
Stlth    +.........             g - amulet of regeneration
HPRegen  1.03/turn              (no ring)
MPRegen  0.10/turn              (no ring)

@: no status effects
A: large, unfitting armour, claws 3, fast metabolism 3, gourmand, regeneration
1, shaggy fur 1, tough skin 2
a: Renounce Religion


You were on level 5 of the Dungeon.
You worshipped Xom.
You were a toy of Xom.
You were completely stuffed.

You visited 1 branch of the dungeon, and saw 5 of its levels.

You collected 190 gold pieces.

Inventory:

Hand Weapons
 a - a +0 mace of chaos (weapon)
 t - a +0 giant spiked club
Missiles
 h - 58 stones (quivered)
Armour
 b - a +2 robe (worn)
Jewellery
 f - an uncursed ring of poison resistance {unknown}
 g - an amulet of regeneration (around neck)
 u - a cursed -2 ring of dexterity {unknown}
Wands
 s - a wand of polymorph (9)
 x - a wand of flame (7)
Scrolls
 d - 3 scrolls of remove curse {unknown}
 e - 7 scrolls of identify {unknown}
 i - 3 scrolls of teleportation {unknown}
 j - 2 scrolls of magic mapping {unknown}
 l - 6 scrolls of enchant armour {unknown}
 m - 2 scrolls of enchant weapon {unknown}
 w - 2 scrolls of random uselessness {unknown}
 y - a scroll of blinking {unknown}
 z - a scroll of immolation {unknown}
Potions
 k - 2 potions of mutation {unknown}
 n - 5 potions of curing {unknown}
 o - 3 potions of brilliance
 p - a potion of flight {unknown}
 q - 2 potions of magic {unknown}
 r - a potion of might {unknown}
 v - a potion of lignification {unknown}
 B - a potion of agility {unknown}
Comestibles
 c - 12 rations
 A - 6 chunks of flesh


   Skills:
 + Level 5.0 Fighting
 * Level 7.5 Maces & Flails
 - Level 1.9 Dodging


You had 7 spell levels left.
You didn't know any spells.

Dungeon Overview and Level Annotations

Branches:
Dungeon (5/15)
 Temple: D:4-7

Altars:
Cheibriados
Gozag
Nemelex Xobeh
Xom

Shops:
D:4 %


Innate Abilities, Weirdness & Mutations

You are too large for most types of armour.
You have claws for hands.
Your metabolism is lightning-fast.
You like to eat raw meat.
Your natural rate of healing is unusually fast.
You are covered in fur. (AC +1)
You have very tough skin. (AC +2)


Message History

The arrow burns you.
* * * LOW HITPOINT WARNING * * *
The centaur shoots an arrow.
The arrow hits you.
* * * LOW HITPOINT WARNING * * *
The arrow burns you.
* * * LOW HITPOINT WARNING * * *
You see here 2 arrows.
The centaur shoots an arrow.
The arrow hits you but does no damage.
You see here an arrow.
The centaur shoots an arrow.
The arrow closely misses you.
The centaur shoots an arrow.
The arrow hits you.
* * * LOW HITPOINT WARNING * * *
The arrow burns you.
* * * LOW HITPOINT WARNING * * *
You see here an arrow.
The centaur shoots an arrow.
The arrow hits you!
* * * LOW HITPOINT WARNING * * *
The arrow burns you.
You die...
Xom chortles!

#......((.(.c....)#.#
#.#.#.########......#
#.....# ##...###
###c### ##.## #.# #.#
#####.## #.# #......#
##'## #.###.(# ##...##
#.# #.@### ##.....##
#.# #...>## ##.......#
#.# ##....####.........
#.####.......'^........
#.........####.........
#####.#..## ##.......#
##.### ##.....## #.#
##...## #.# ##'##


You could see a centaur.

Vanquished Creatures
  Grinder (D:5)
  A phantom (D:5)
  A howler monkey (D:5)
  3 hounds
  2 centaur skeletons (D:4)
  3 orc priests
  An iron imp (D:4)
  3 orc wizards
  2 worker ants
  5 adders
  4 worms
  3 dart slugs
  3 leopard geckos
  18 orcs
  2 ball pythons
  3 giant cockroaches
  4 goblins
  7 hobgoblins
  2 jackals (D:2)
  13 kobolds
  A quokka (D:2)
  13 bats
  6 frilled lizards
  A quokka skeleton (D:4)
  7 rats
109 creatures vanquished.

Vanquished Creatures (collateral kills)
  Sigmund (D:5)
  A scorpion (D:4)
  A worker ant (D:4)
  4 orcs (D:4)
7 creatures vanquished.

Grand Total: 116 creatures vanquished

Notes
Turn   | Place    | Note
-------+----------+-------------------------------------------
     0 | D:1      | cultivahabas the Troll Chaos Knight began the quest for the Orb.
     0 | D:1      | Reached XP level 1. HP: 22/22 MP: 0/0
   102 | D:1      | Reached skill level 3 in Maces & Flails
   104 | D:1      | Reached XP level 2. HP: 29/29 MP: 1/1
   544 | D:2      | Reached XP level 3. HP: 36/36 MP: 2/2
   715 | D:2      | XOM: 1-stop teleportation journey
   924 | D:2      | XOM: god gift: 53 gold pieces
  1212 | D:2      | Reached skill level 4 in Maces & Flails
  1231 | D:2      | Found a faded altar of an unknown god.
  1464 | D:3      | Reached XP level 4. HP: 45/45 MP: 3/3
  1903 | D:3      | XOM: noise
  1978 | D:3      | Found a snail-covered altar of Cheibriados.
  2205 | D:4      | XOM: confuse monster(s)
  2218 | D:4      | XOM: butterfly on damage
  2235 | D:4      | Reached XP level 5. HP: 8/53 MP: 4/4
  2244 | D:3      | XOM: summons friendly crimson imp
  2263 | D:3      | XOM: polymorph worker ant -> hound
  2286 | D:3      | Reached skill level 5 in Maces & Flails
  2413 | D:4      | XOM: scenery: create altars
  2417 | D:4      | Reached XP level 6. HP: 59/62 MP: 5/5
  2493 | D:4      | XOM: 4-stop teleportation journey
  2496 | D:4      | Found Taogaqov's Food Emporium.
  2543 | D:4      | XOM: potion effect (haste)
  2633 | D:4      | XOM: summons 6 friendly demons
  2754 | D:4      | XOM: polymorph crimson imp -> iron imp
  2896 | D:4      | XOM: medium Fire miscast
  2902 | D:4      | Reached skill level 6 in Maces & Flails
  2959 | D:5      | Entered Level 5 of the Dungeon
  2985 | D:5      | Noticed Sigmund
  2986 | D:5      | XOM: chaos upgrade
  2989 | D:5      | XOM: blink monster(s)
  3000 | D:5      | Killed Sigmund
  3000 | D:5      | Reached XP level 7. HP: 71/71 MP: 6/6
  3049 | D:5      | Noticed Grinder
  3068 | D:5      | Killed Grinder
  3173 | D:5      | Found an opulent altar of Gozag.
  3173 | D:5      | Found a sparkling altar of Nemelex Xobeh.
  3215 | D:5      | XOM: divination: detect creatures
  3262 | D:5      | XOM: silly message
  3303 | D:5      | Reached skill level 7 in Maces & Flails
  3336 | D:5      | XOM: noise
  3699 | D:5      | XOM: mild Ice miscast
  3717 | D:5      | Reached skill level 5 in Fighting
  3779 | D:5      | Reached XP level 8. HP: 79/80 MP: 7/7
  3898 | D:5      | HP: 4/80 [centaur/arrow (10)]
  3898 | D:5      | Shot with an arrow by a centaur

Skill      XL: |  1  2  3  4  5  6  7 |
---------------+----------------------+-----
Maces & Flails | 3 4 5 6 7 |  7.5
Fighting       | 3 4 5 |  5.0
Dodging        | |  1.9

Action                   |  1- 3 |  4- 6 |  7- 9 || total
-------------------------+-------+-------+-------++-------
Melee: Mace              |   152 |   197 |    95 ||   444
  Use: Potion            |       |     1 |       ||     1
 Stab: Sleeping          |       |     1 |       ||     1
       Paralysed         |       |       |     2 ||     2
  Eat: Chunk             |    19 |    15 |     8 ||    42
Armor: Robe              |    88 |   111 |    31 ||   230
Dodge: Dodged            |    77 |   138 |    45 ||   260
